noty, neutral male scurrid Tourist }}}}}}}}}}}}}}}}}}}}}}} }}}}}}}}}}}}}}}.}} .}}}}}}}B.}}} #.}}}}}}`.B# # .}}}}}.....# ...B# #@.}}.}}}.}}...}}}}}.# ...;}}}}}.# }}}}}..# #.}}}}}}}}`.} }}}}}#.}}}}}}}}}}}} }}}}}} }}}}}}}}B}}}}}}}} }}}}}}# }}.# }...}}}}}}}}}}} }}}}}}.# #... # ...}}}}}}}}}}B}}.} }}}}}}}? .... # .}}}}}.# }}}}}}}}}}} n}..}}}}} --.- # }}}.... }}}}}}} }..#.B}}}. }.}}n}}. }}} }}}} ...}}. }}}}..# }}}} }}}}}}}# B.# }}}} }}}}}}} B. B}}} }}}}}}}} }}}}} }}}}}}}} noty the Rambler Experience level: 1 Strength: 10 Dexterity: 14 Constitution: 14 Intelligence: 13 Wisdom: 7 Charisma: 20 Health: 0(9) Energy: 2(2) Def: 0 Gold: 984 Moves: 101 Dungeon seed: kADHm5qfL24bZUFp Game ID: noty_1498607058 Your Inventory: Coins $ - 984 gold pieces Weapons a - 39 uncursed +2 darts (in quiver) Armor e - an uncursed +0 Hawaiian shirt (being worn) Comestibles b - 4 uncursed food rations c - 2 uncursed fortune cookies d - an uncursed tripe ration f - 2 uncursed pancakes g - 2 uncursed cram rations h - an uncursed eucalyptus leaf i - an uncursed tin of sewer rat meat Scrolls k - 4 uncursed scrolls of magic mapping l - a blessed scroll of magic mapping Potions j - 2 uncursed potions of extra healing Wands o - an uncursed wand of secret door detection (0:12) Tools m - an uncursed expensive camera (0:76) n - an uncursed credit card p - an uncursed tin opener Spells and supernatural/magical abilities: Name Level Category Fail Memory W - pray for help -- divine ? -- Your skills at the end: Miscellaneous Skills wands [Basic] Weapon Skills dart [Basic] Spellcasting Skills Final Attributes: You were devoutly aligned. You had infravision. You were very stealthy. You are dead. Vanquished creatures: a shocking sphere a goblin 2 creatures vanquished. Voluntary challenges: You went without food. You did not adorn yourself with jewelry or accessories. You did not cause conflict. You were not invisible. You did not have reflection. You were not displaced. You were an atheist. You never hit with a wielded weapon. You were a pacifist. You did not use tools. You did not use plumbed fixtures. You did not drink any magical draughts. You were illiterate. You never genocided any monsters. You never polymorphed an object. You never changed form. You used no wishes. You never split a pudding. You never wrote Elbereth's name. You never violated your personal moral code. Dungeon overview: The Dungeons of Doom: levels 1 to 24 Level 1 a long staircase Level 2 Level 3 Level 4 Level 5 Level 6 Level 7 Level 8 Level 9 Level 10 a long staircase Level 11 Level 12 Level 13 Level 14 Level 15 Level 16 Level 17 Level 18 Level 19 Level 20 Level 21 Level 22 Level 23 Level 24 <- You were here many trees History has recorded: On T:1 you entered the Dungeons of Doom to retrieve the Amulet of Yendor! On T:5 you reached level 2 of The Dungeons of Doom. On T:7 you reached level 3 of The Dungeons of Doom. On T:10 you reached level 4 of The Dungeons of Doom. On T:12 you reached level 5 of The Dungeons of Doom. On T:14 you reached level 6 of The Dungeons of Doom. On T:16 you reached level 7 of The Dungeons of Doom. On T:19 you reached level 8 of The Dungeons of Doom. On T:21 you reached level 9 of The Dungeons of Doom. On T:23 you reached level 10 of The Dungeons of Doom. On T:70 you reached level 11 of The Dungeons of Doom. On T:73 you reached level 12 of The Dungeons of Doom. On T:75 you reached level 13 of The Dungeons of Doom. On T:77 you reached level 14 of The Dungeons of Doom. On T:79 you reached level 15 of The Dungeons of Doom. On T:82 you reached level 16 of The Dungeons of Doom. On T:84 you reached level 17 of The Dungeons of Doom. On T:84 you entered the Rogue tribute level. On T:86 you reached level 18 of The Dungeons of Doom. On T:88 you reached level 19 of The Dungeons of Doom. On T:92 you reached level 20 of The Dungeons of Doom. On T:94 you reached level 21 of The Dungeons of Doom. On T:97 you reached level 22 of The Dungeons of Doom. On T:99 you reached level 23 of The Dungeons of Doom. On T:101 you reached level 24 of The Dungeons of Doom. Score breakdown: Gold: 0 ( 0 points) Experience: 1 level ( 0 points) Exploration: 24 levels ( 690 points) Discoveries: 0 items ( 0 points) Variety of kills: 2 monsters ( 100 points) Major goal: (nothing yet) ( 0 points) Survival: died (score multiplied by 3) Total score: 2370 Latest messages: You dig a hole through the floor. You fall through... You start digging downward. You continue digging downward. You dig a pit in the floor. You continue digging downward. You dig a hole through the floor. You fall through... You start digging downward. You continue digging downward. You dig a pit in the floor. You continue digging downward. You dig a hole through the floor. You fall through... You start digging downward. You continue digging downward. You dig a pit in the floor. You continue digging downward. You dig a hole through the floor. You fall through... The jellyfish stings! You die... Final status: Aloha noty the Tourist, killed by a jellyfish... You died in The Dungeons of Doom on dungeon level 24 with 2370 points, and 984 pieces of gold, after 101 moves. You were level 1 with a maximum of 9 hit points when you died.